 Dungeon Crawl Stone Soup version 0.20-a0-901-g27f6fa8 (webtiles) character file.

274743 Rrauwl the Barachian Blade (level 20, -9/144 HPs)
             Began as a Barachi Fighter on Mar 19, 2017.
             Was the Champion of Hepliaklqana.
             Killed from afar by a Tzitzimitl (40 damage)
             ... with a bolt of cold
             ... summoned by a deep elf demonologist
             ... led by an ironheart preserver
             ... on level 1 of the Vaults.
             The game lasted 06:43:19 (47436 turns).

Rrauwl the Barachian Blade (Barachi Fighter)       Turns: 47436, Time: 06:43:20

Health: -9/144     AC: 24    Str: 21    XL:     20   Next: 32%
Magic:  28/28      EV: 25    Int: 17    God:    Hepliaklqana [******]
Gold:   3134       SH: 26    Dex: 17    Spells: 14/25 levels left

rFire    + + +     SeeInvis .   J - +2 long sword (slice)
rCold    x . .     Gourm    .   v - +5 fire dragon scales
rNeg     + . .     Faith    .   j - +2 large shield
rPois    .         Spirit   .   (no helmet)
rElec    .         Reflect  +   k - +0 cloak
rCorr    +         Harm     .   d - +3 pair of gloves of Blue Skies {rN+ rCorr Dex+3}
MR       ++++.     Clarity  +   Z - +2 pair of boots
Stlth    +.........             o - +4 amulet of reflection
Regen    0.0/turn               H - ring of Shaolin {EV+8}
MPRegen  0.3/turn               E - ring of the Mage {Wiz MR++ Int+3}

@: slow
A: +LOS, swims, reduced essence, thin skeletal structure 1, clarity, deformed
body, fire resistance 1, magic resistance 1, slowness 1, inhibited regeneration,
subdued magic 1, strong legs 2
}: 2/15 runes: barnacled, gossamer
a: Hop, Recall Ancestor, Ancestor Identity, Transference, Idealise, Renounce
Religion


You were on level 1 of the Vaults.
You worshipped Hepliaklqana.
Hepliaklqana was exalted by your worship.
You were not hungry.

You visited 8 branches of the dungeon, and saw 34 of its levels.
You also visited: Ossuary and Ice Cave.

You collected 3925 gold pieces.
You spent 791 gold pieces at shops.

Inventory:

Hand Weapons
 J - a +2 long sword of slicing (weapon)
 L - a +3 scimitar of flaming
Missiles
 g - 137 bolts
Armour
 d - the +3 pair of gloves of Blue Skies (worn) {rN+ rCorr Dex+3}
   (You bought it in a shop on level 2 of the Orcish Mines)

   It affects your dexterity (+3).
   It protects you from negative energy.
   It protects you from acid and corrosion.
 j - a +2 large shield (worn)
 k - a +0 cloak (worn)
 v - +5 fire dragon scales (worn)
 Z - a +2 pair of boots (worn)
Jewellery
 i - an uncursed ring of see invisible
 o - a +4 amulet of reflection (around neck)
 u - an uncursed ring of poison resistance
 E - the ring of the Mage (left hand) {Wiz MR++ Int+3}
   (You found it on level 1 of the Lair of Beasts)

   [ring of wizardry]

   It improves your spell success rate.
   It affects your intelligence (+3).
   It affects your resistance to hostile enchantments.
 H - the ring of Shaolin (right hand) {EV+8}
   (You found it on level 1 of the Lair of Beasts)

   [ring of evasion]

   It affects your evasion (+8).
Wands
 c - a wand of acid (6/15)
 f - a wand of lightning (3/15)
 q - a wand of iceblast (11/15)
 r - a wand of digging (8/24)
 w - a wand of lightning (6/15)
 y - a wand of flame (13/48)
 F - a wand of disintegration (13/24)
 I - a wand of confusion (20/48)
 N - a wand of iceblast (5/15)
Scrolls
 a - 2 scrolls of silence
 b - a scroll of brand weapon
 e - 9 scrolls of teleportation
 h - 10 scrolls of fog
 l - 20 scrolls of identify
 t - 14 scrolls of remove curse
 A - 3 scrolls of blinking
Potions
 n - 4 potions of curing
 s - 3 potions of agility
 B - 7 potions of flight
 Q - a potion of haste
 V - a potion of cancellation
Miscellaneous
 C - a lightning rod (4/4)
 G - a lamp of fire
Comestibles
 m - 25 royal jellies
 p - 8 chunks of flesh


   Skills:
 + Level 14.7 Fighting
 + Level 22.0 Long Blades
   Level 4.1 Crossbows
 + Level 15.2 Armour
 + Level 14.6 Dodging
 - Level 2.0 Stealth
 + Level 14.8 Shields
 - Level 3.0 Spellcasting
 - Level 2.0 Conjurations
 - Level 3.0 Charms
 - Level 3.0 Summonings
 - Level 3.0 Necromancy
 - Level 2.1 Transmutations
 - Level 2.0 Fire Magic
 - Level 4.0 Ice Magic
 - Level 2.0 Air Magic
 - Level 2.0 Poison Magic
 - Level 7.0 Invocations
 - Level 11.0 Evocations


You had 14 spell levels left.
You knew the following spells:

 Your Spells              Type           Power        Failure   Level  Hunger
a - Regeneration          Chrm/Necr      #.........   71%         3    ###....
b - Shock                 Conj/Air       #...         38%         1    None
c - Summon Ice Beast      Ice/Summ       ##......     96%         4    ####...
d - Ignite Poison         Fire/Tmut/Pois #.......     86%         3    ###....


Dungeon Overview and Level Annotations

Branches:
Dungeon (15/15)            Temple (1/1) D:5            Lair (6/6) D:8
 Shoals (4/4) Lair:2       Spider (4/4) Lair:4        Slime (0/5) Lair:6
    Orc (2/2) D:10            Elf (0/3) Orc:2        Vaults (1/5) D:14
 Depths (1/5) D:15

Altars:
Ashenzari
Cheibriados
Dithmenos
Elyvilon
Fedhas
Gozag
Hepliaklqana
Kikubaaqudgha
Makhleb
Nemelex Xobeh
Okawaru
Qazlal
Ru
Sif Muna
Trog
Uskayaw
Vehumet
Wu Jian
Xom
Yredelemnul
Zin
The Shining One

Shops:
D:8 [   D:10 ([   D:11 }   Orc:2 *[(=

Portals:
Hell: Depths:1

Annotations:
Depths:1 exclusion: 4 lightning spires


Innate Abilities, Weirdness & Mutations

Shadows flee at your approach. (+LOS)
You can swim through water.
You cover ground slowly.
You can hop longer distances.
Your life essence is reduced. (-10% HP)
You have a somewhat thin skeletal structure. (Dex +2, Stealth)
You possess an exceptional clarity of mind.
Armour fits poorly on your strangely shaped body.
Your flesh is heat resistant. (rF+)
You are resistant to hostile enchantments. (MR+)
You do not regenerate when monsters are visible.
Your spells are a little easier to cast, but a little less powerful.


Message History

Tyron completely misses the deep elf mage.
The rust devil barely misses Tyron.
Tyron blocks the deep elf mage's attack.
Something hits Tyron!
Tyron blocks the rust devil's attack.
Tyron completely misses the deep elf mage.
Tyron hits something with a broad axe of flaming!
Tyron burns something.
Tyron hits the rust devil with a broad axe of flaming!
The deep elf mage gestures wildly while chanting.
The deep elf mage blinks!
The neqoxec gestures.
You start resting.
The rust devil closely misses Tyron.
You see here 2 arrows.
The Tzitzimitl calls on the powers of darkness!
Your body is wracked with pain!
* * * LOW HITPOINT WARNING * * *
The Tzitzimitl gestures at you. The bolt of cold hits you!
You feel a terrible chill!
You die...

#..##..##..# #..##(.##..#
###.1##..###
###ยง)##..###
#.1##).##..# #.(##..##..#
###..##..### #.R##..#
...#####@################
.........................
.........................
#########################


You could see the friendly Tyron the knight and a Tzitzimitl.

Vanquished Creatures
  Arachne (Spider:4)
  Rupert (D:14)
  Polyphemus (Shoals:2)
  Donald (Spider:4)
  Ilsuiw (Shoals:4)
  The ghost of tape the Eclecticist, an adept DECj of Nemelex Xobeh (Spider:4)
  3 frost giants
  2 ghost moths
  2 emperor scorpions (Spider:4)
  An orc warlord (Orc:2)
  An ironheart preserver (Vaults:1)
  A stone giant (Depths:1)
  4 very ugly things (Depths:1)
  A deep elf demonologist (Depths:1)
  Nessos (Lair:6)
  2 entropy weavers
  The ghost of Conn321 the Arsonist, a journeyman OpFE of Sif Muna (IceCv)
  Azrael (D:14)
  4 spark wasps
  Snorg (Lair:6)
  An ettin (Depths:1)
  A merfolk javelineer (Shoals:4)
  2 fire dragons (Depths:1)
  Josephine (Lair:4)
  5 merfolk impalers
  4 hydras
  A rakshasa (Depths:1)
  3 ice dragons (Depths:1)
  7 centaur warriors
  2 catoblepae
  8 merfolk aquamancers
  2 merfolk avatars
  18 death yaks
  A death knight (D:15)
  A two-headed ogre (D:9)
  A vampire mage (D:15)
  A deep troll shaman (Lair:6)
  3 tengu warriors
  2 orc high priests
  3 hell knights (Depths:1)
  A spriggan berserker (Depths:1)
  A spark wasp zombie (D:15)
  5 skeletal warriors
  A flayed ghost (D:14)
  A glowing orange brain (Depths:1)
  A deep troll (D:15)
  An unseen horror (D:12)
  9 sea snakes
  14 harpies
  6 orc knights
  A wizard (Depths:1)
  2 wolf spider zombies
  2 necromancers
  A lindwurm (Lair:6)
  22 wolf spiders
  8 orb spiders
  3 orc sorcerers
  12 ugly things (D:15)
  8 slime creatures
  3 cyclopes
  2 fauns (Shoals:2)
  8 deep elf magi (Orc:2)
  2 oklob plants (Lair:1)
  A salamander (shapeshifter) (Depths:1)
  20 manticores
  8 elephants
  3 moths of wrath
  6 merfolk sirens
  2 centaur zombies (D:14)
  3 black mambas
  A gargoyle (D:14)
  5 water nymphs
  8 spiny frogs
  A torpor snail (Spider:4)
  Maurice (D:10)
  A spriggan zombie (D:15)
  A yaktaur (Vaults:1)
  4 kobold demonologists
  2 rime drakes
  3 komodo dragons
  5 demonic crawlers
  2 harpy zombies (Shoals:3)
  A tengu conjurer (D:14)
  5 meliai (Spider:3)
  15 merfolk
  8 trolls
  5 wind drakes
  14 polar bears
  A queen bee (Spider:3)
  27 jumping spiders
  A blink frog (shapeshifter) (Vaults:1)
  2 hornets
  Grinder (D:6)
  24 blink frogs
  16 snapping turtles
  3 air elementals (Depths:1)
  4 hippogriffs
  30 redbacks
  14 water elementals
  4 wraiths
  2 shadows
  2 hogs (D:14)
  13 tarantellas
  2 fire elementals (D:14)
  2 wyverns (D:8)
  38 yaks
  Grum (Lair:1)
  A hungry ghost (D:12)
  2 basilisks
  10 humans (D:14)
  3 wargs (Orc:2)
  2 acid dragons (D:15)
  6 water moccasins
  Duvessa (D:5)
  A knight (Shoals:2)
  8 porcupines
  19 orc warriors
  6 sky beasts
  3 ice beasts
  3 black bears
  7 ogres
  A phantom (D:13)
  4 boggarts (Vaults:1)
  18 wolves
  10 centaurs
  10 crocodiles
  6 big kobolds
  13 bullfrogs
  A wyvern zombie (D:13)
  2 wyvern skeletons
  Dowan (D:5)
  A water moccasin skeleton (D:8)
  10 scorpions
  28 killer bees
  5 wights
  3 howler monkeys
  2 vampire bats (Lair:6)
  5 electric eels
  7 crimson imps
  5 jellies
  2 gnoll shamans (D:8)
  10 hounds
  3 centaur skeletons
  An orc priest (D:7)
  12 orc wizards
  3 iguanas
  11 worker ants
  7 big kobold zombies (Ossuary)
  A hound zombie (D:10)
  A mummy (Ossuary)
  2 worker ant zombies (D:11)
  12 gnolls
  8 adders
  2 shadow imps
  4 oozes
  An adder skeleton (D:4)
  A worm (D:3)
  2 dart slugs
  2 leopard geckos
  45 orcs
  A ball python (D:6)
  9 giant cockroaches
  5 gnoll zombies (Ossuary)
  4 goblins
  2 hobgoblins
  8 jackals
  5 quokkas
  12 bats
  3 bat simulacra (Ossuary)
  6 frilled lizards
  2 goblin simulacra (Ossuary)
  4 goblin zombies (Ossuary)
  4 hobgoblin zombies (Ossuary)
  A jackal skeleton (D:4)
  6 kobolds
  2 kobold simulacra (Ossuary)
  3 kobold zombies (Ossuary)
  6 orc zombies (Ossuary)
  A quokka skeleton (D:4)
  7 rats
  4 rat simulacra (Ossuary)
  2 spectral goblins (Ossuary)
  3 spectral kobolds (Ossuary)
  5 spectral rats (Ossuary)
  A plant (Lair:4)
964 creatures vanquished.

Vanquished Creatures (collateral kills)
  A kraken (Shoals:4)
  A fire giant (Depths:1)
  4 emperor scorpions (Spider:4)
  The ghost of runewalsh the Thaumaturge, a journeyman OpIE of Gozag (D:15)
  2 very ugly things (Depths:1)
  The ghost of runewalsh the Frost Mage, a journeyman OpIE of Sif Muna (D:15)
  Louise (D:14)
  2 stone giants (Depths:1)
  An entropy weaver (Spider:3)
  2 spark wasps
  An ettin (Depths:1)
  A merfolk javelineer (Shoals:3)
  2 merfolk impalers
  Erolcha (D:10)
  Harold (D:11)
  A spriggan air mage (Depths:1)
  An alligator snapping turtle (Shoals:4)
  2 catoblepae
  2 hydras (Lair:6)
  2 merfolk aquamancers (Shoals:4)
  3 merfolk avatars (Shoals:4)
  5 centaur warriors
  2 two-headed ogres
  A tengu warrior (D:14)
  2 death yaks
  2 skeletal warriors (D:15)
  2 sea snakes (Shoals:4)
  A kraken simulacrum (Shoals:4)
  5 harpies
  2 orc knights (Orc:2)
  4 orb spiders
  A deep elf mage (Orc:2)
  A cyclops (Shoals:1)
  4 wolf spiders
  A faun (Shoals:1)
  3 ugly things
  4 manticores
  2 oklob plants (Lair:1)
  4 elephants
  An ice statue (IceCv)
  2 water nymphs
  6 merfolk sirens
  A black mamba (Lair:6)
  3 spiny frogs
  A spriggan zombie (D:15)
  2 rime drakes
  An elf skeleton (D:15)
  2 demonic crawlers
  2 komodo dragons
  A tengu conjurer (D:13)
  2 trolls
  A yaktaur (Vaults:1)
  10 merfolk
  A meliai (Spider:3)
  A harpy zombie (Shoals:3)
  4 polar bears (IceCv)
  A wolf spider simulacrum (D:15)
  10 jumping spiders
  A wind drake (Shoals:4)
  5 blink frogs
  9 snapping turtles
  2 dream sheep (Shoals:1)
  5 slime creatures
  3 hippogriffs
  15 redbacks
  3 water elementals
  An air elemental (Depths:1)
  2 fire elementals (D:14)
  5 tarantellas
  14 yaks
  4 basilisks
  2 wraiths (Lair:4)
  A human (shapeshifter) (D:15)
  A hog (D:14)
  6 humans (D:14)
  A hungry ghost (D:13)
  5 water moccasins
  4 porcupines
  18 orc warriors
  3 sky beasts
  A black bear (Lair:4)
  4 ice beasts
  A phantom (D:9)
  5 ogres
  9 wolves
  A boggart (Vaults:1)
  7 centaurs
  5 crocodiles
  A hippogriff zombie (Shoals:3)
  8 bullfrogs
  4 scorpions
  15 killer bees
  3 wights
  3 electric eels
  A howler monkey (D:6)
  4 crimson imps
  3 bullfrog zombies
  2 hounds (D:11)
  A bullfrog skeleton (D:10)
  4 jellies
  5 orc priests
  6 orc wizards
  2 iguanas
  5 centaur skeletons
  A worker ant (D:14)
  A hound zombie (D:9)
  A hound skeleton (D:9)
  A worker ant zombie (D:10)
  A howler monkey skeleton (D:9)
  2 adders
  5 gnolls
  2 shadow imps
  3 adder skeletons
  22 orcs
  A bat (Lair:6)
  A bat zombie (Shoals:3)
  4 kobolds (D:9)
  3 butterflies
  2 fungi (Lair:6)
  2 plants
  4 tentacles (Shoals:4)
  A withered plant (Shoals:1)
398 creatures vanquished.

Vanquished Creatures (others)
  Margery (Depths:1)
  Kirke (D:14)
  An ironheart preserver (Vaults:1)
  A stone giant (Depths:1)
  A merfolk javelineer (Shoals:4)
  2 merfolk aquamancers
  A deep elf mage (Vaults:1)
  A cyclops (Shoals:4)
  A faun (Shoals:1)
  2 centaur zombies
  3 yaktaurs
  A jumping spider (Spider:2)
  A merfolk (Shoals:3)
  2 humans (D:14)
  A yak (IceCv)
  A wolf (IceCv)
  2 centaurs
  2 killer bees (Spider:3)
  29 knights
  5 ancestors
  An orc (Orc:2)
  2 bat simulacra (Ossuary)
  A kobold (D:12)
  A kobold simulacrum (Ossuary)
  An orc zombie (Ossuary)
  A bush (Lair:5)
  51 fungi
  48 plants
  10 tentacles (Shoals:4)
  5 withered plants (D:15)
180 creatures vanquished.

Grand Total: 1542 creatures vanquished

Notes
Turn   | Place    | Note
-------+----------+-------------------------------------------
     0 | D:1      | Rrauwl the Barachi Fighter began the quest for the Orb.
     0 | D:1      | Reached XP level 1. HP: 18/18 MP: 1/1
   359 | D:1      | Reached XP level 2. HP: 20/25 MP: 2/2
   625 | D:1      | Reached skill level 1 in Dodging
   654 | D:1      | Reached XP level 3. HP: 27/30 MP: 3/3
   710 | D:2      | Found an ancient bone altar of Kikubaaqudgha.
   710 | D:2      | Found a stormy altar of Qazlal.
   710 | D:2      | Found a bloodstained altar of Trog.
   749 | D:3      | Gained mutation: You are agile. (Dex +2) [potion of mutation]
   749 | D:3      | Gained mutation: You are somewhat resistant to further mutation. [potion of mutation]
   757 | D:3      | Reached skill level 3 in Long Blades
   757 | D:3      | Reached XP level 4. HP: 37/37 MP: 4/4
  1505 | D:2      | Reached XP level 5. HP: 19/42 MP: 5/5
  1843 | D:2      | Found a sparkling altar of Nemelex Xobeh.
  2104 | D:3      | Found a snail-covered altar of Cheibriados.
  2283 | D:3      | Found an ornate altar of the Wu Jian Council.
  2877 | D:4      | Noticed an ogre
  2886 | D:4      | Killed an ogre
  2886 | D:4      | Reached skill level 4 in Long Blades
  2886 | D:4      | Reached XP level 6. HP: 48/48 MP: 6/6
  2894 | D:4      | Found a sand-covered staircase.
  2904 | Ossuary  | Entered an ossuary
  3025 | Ossuary  | Reached skill level 5 in Long Blades
  3309 | Ossuary  | Reached skill level 6 in Long Blades
  3419 | D:4      | Reached XP level 7. HP: 33/54 MP: 7/7
  4122 | D:5      | Entered Level 5 of the Dungeon
  4138 | D:5      | Reached skill level 7 in Long Blades
  4212 | D:5      | Found a staircase to the Ecumenical Temple.
  4224 | Temple   | Entered the Ecumenical Temple
  4377 | Temple   | Became a worshipper of Hepliaklqana the Forgotten
  4400 | D:5      | Reached skill level 8 in Long Blades
  4694 | D:5      | Found a glowing silver altar of Zin.
  4823 | D:5      | Noticed Duvessa
  4823 | D:5      | Noticed Dowan
  4839 | D:5      | Killed Dowan
  4839 | D:5      | Reached skill level 9 in Long Blades
  4839 | D:5      | Reached XP level 8. HP: 43/54 MP: 8/8
  4869 | D:5      | Killed Duvessa
  5291 | D:5      | Reached skill level 10 in Long Blades
  5487 | D:5      | Learned a level 3 spell: Regeneration
  5984 | D:6      | Reached skill level 1 in Invocations
  6010 | D:6      | Reached * piety under Hepliaklqana
  6032 | D:6      | Reached skill level 1 in Evocations
  6133 | D:6      | Noticed Grinder
  6137 | D:6      | Paralysed by Grinder for 6 turns
  6148 | D:6      | Killed Grinder
  6689 | D:6      | Reached XP level 9. HP: 21/58 MP: 11/11
  7086 | D:7      | Reached skill level 11 in Long Blades
  7992 | D:8      | Reached skill level 5 in Evocations
  8334 | D:8      | Found Ywnipa's Antique Armour Boutique.
  8447 | D:8      | Reached ** piety under Hepliaklqana
  8448 | D:8      | Remembered your ancestor Tyron as a knight
  8530 | D:8      | Reached skill level 5 in Invocations
  8530 | D:8      | Reached XP level 10. HP: 55/63 MP: 14/14
  8556 | D:8      | Reached skill level 12 in Long Blades
  9146 | D:8      | Reached skill level 5 in Armour
  9384 | D:8      | Bought a scorched buckler for 218 gold pieces
  9394 | D:8      | Identified the +0 buckler of Coronation {Int+2} (You bought it in a shop on level 8 of the Dungeon)
  9458 | D:8      | Reached skill level 5 in Fighting
  9518 | D:8      | Reached skill level 5 in Dodging
  9546 | D:8      | Found an iron altar of Okawaru.
  9767 | D:8      | Reached skill level 5 in Shields
 10008 | D:8      | Found a staircase to the Lair.
 10231 | Lair:1   | Entered Level 1 of the Lair of Beasts
 10672 | D:9      | Reached XP level 11. HP: 70/72 MP: 15/15
 10696 | D:9      | Noticed a two-headed ogre
 10711 | D:9      | Killed a two-headed ogre
 10711 | D:9      | Reached skill level 1 in Crossbows
 11547 | D:9      | Reached *** piety under Hepliaklqana
 11700 | D:10     | Entered Level 10 of the Dungeon
 11703 | D:10     | Noticed Maurice
 11720 | D:10     | Killed Maurice
 12003 | D:10     | Found Rebu Qim's Armour Shoppe.
 12004 | D:10     | Found a staircase to the Orcish Mines.
 12005 | D:10     | Found Vueronk's Weapon Shoppe.
 12020 | D:10     | Reached skill level 13 in Long Blades
 12044 | D:10     | Noticed a centaur warrior
 12051 | D:10     | Killed a centaur warrior
 12322 | D:10     | Found an opulent altar of Gozag.
 12724 | D:11     | Noticed Erolcha
 12730 | D:11     | Noticed a two-headed ogre
 12750 | D:10     | Killed Erolcha
 13045 | D:11     | Killed a two-headed ogre
 13065 | D:11     | Noticed a manticore
 13177 | Lair:1   | Reached skill level 1 in Spellcasting
 13186 | Lair:1   | Reached skill level 1 in Necromancy
 13190 | Lair:1   | Reached skill level 1 in Charms
 13414 | Lair:1   | Reached **** piety under Hepliaklqana
 13462 | Lair:1   | Got an encrusted dire flail
 13463 | Lair:1   | Identified the +5 dire flail of Prudence {crush, rPois Str-3 Int+2} (You found it on level 1 of the Lair of Beasts)
 13499 | Lair:1   | Noticed Grum
 13521 | Lair:1   | Killed Grum
 13587 | Lair:1   | Noticed an oklob plant
 13587 | Lair:1   | Noticed an oklob plant
 13589 | Lair:1   | Noticed an oklob plant
 13589 | Lair:1   | Noticed an oklob plant
 14402 | Lair:1   | Killed an oklob plant
 14403 | Lair:1   | Killed an oklob plant
 14403 | Lair:1   | Reached XP level 12. HP: 66/81 MP: 16/16
 14447 | Lair:1   | Got a faintly humming ring mail
 14458 | Lair:1   | Identified the +4 ring mail of the Hare {rF+ rC+} (You found it on level 1 of the Lair of Beasts)
 14990 | D:11     | Reached skill level 1 in Stealth
 15028 | D:11     | Noticed Harold
 15057 | D:11     | Killed Harold
 15359 | D:11     | Learned a level 1 spell: Shock
 15386 | D:11     | Found Edghag's Gadget Shop.
 15439 | D:11     | Reached skill level 1 in Conjurations
 16314 | Lair:1   | Reached skill level 1 in Air Magic
 16797 | Lair:2   | Found a staircase to the Shoals.
 16809 | Lair:2   | Reached skill level 14 in Long Blades
 17248 | Lair:3   | Gained mutation: You can hop longer distances. [Barachi growth]
 17248 | Lair:3   | Reached XP level 13. HP: 61/89 MP: 17/17
 18239 | Lair:4   | Noticed Josephine
 18307 | Lair:4   | Killed Josephine
 18380 | Lair:4   | Found a hole to the Spider Nest.
 18500 | Lair:4   | Found a frozen archway.
 18503 | Lair:4   | Reached ***** piety under Hepliaklqana
 18646 | IceCv    | Entered an ice cave
 19147 | IceCv    | Noticed Conn321's ghost (journeyman OpFE)
 19197 | IceCv    | Killed Conn321's ghost
 19197 | IceCv    | Reached skill level 15 in Long Blades
 19843 | IceCv    | Noticed a frost giant
 19889 | IceCv    | Killed a frost giant
 19889 | IceCv    | Reached skill level 16 in Long Blades
 19916 | IceCv    | Reached XP level 14. HP: 84/97 MP: 18/18
 19950 | IceCv    | Got a jewelled leather armour
 19961 | IceCv    | Identified the +1 leather armour of Hide-and-Seek {rN++ Str-5 Dex+4} (You found it in an ice cave)
 20374 | Lair:4   | You fall through a shaft for 2 floors!
 20374 | Lair:6   | Entered Level 6 of the Lair of Beasts
 20416 | Lair:6   | Noticed Nessos
 20719 | Lair:5   | Got a bloodstained dagger
 21412 | Lair:1   | Identified the +5 dagger of Demonkind {vamp, *Drain rC+ rN+} (You found it on level 5 of the Lair of Beasts)
 22112 | Lair:5   | Reached skill level 10 in Shields
 22520 | Lair:6   | Killed Nessos
 22520 | Lair:6   | Reached skill level 10 in Fighting
 22551 | Lair:6   | Reached skill level 10 in Armour
 22551 | Lair:6   | Reached skill level 10 in Dodging
 22789 | Lair:6   | Found a staircase to the Slime Pits.
 23415 | Lair:6   | Noticed Snorg
 23427 | Lair:6   | Killed Snorg
 23427 | Lair:6   | Reached skill level 17 in Long Blades
 23516 | Lair:6   | Reached XP level 15. HP: 40/105 MP: 19/19
 24033 | Lair:6   | Identified Sif Muna's Disquisition on the Blaze and the Compass
 25584 | D:12     | Learned a level 4 spell: Summon Ice Beast
 25757 | D:13     | Gained mutation: You are occasionally teleported next to monsters. [a neqoxec]
 25760 | D:13     | Reached skill level 1 in Summonings
 25808 | D:13     | Reached skill level 1 in Ice Magic
 26185 | D:14     | Found a gate to the Vaults.
 26185 | D:14     | Reached ****** piety under Hepliaklqana
 26185 | D:14     | Noticed Rupert
 26410 | D:14     | Killed Rupert
 26418 | D:14     | Reached skill level 18 in Long Blades
 26718 | D:14     | Gained mutation: You are somewhat resistant to both further mutation and mutation removal. [mutagenic meat]
 26722 | D:14     | Lost mutation: You are agile. (Dex +2) [mutagenic meat]
 26901 | D:14     | Found a burning altar of Makhleb.
 26978 | D:14     | Noticed Kirke
 27029 | D:14     | Killed Kirke
 27130 | D:14     | Noticed Azrael
 27140 | D:14     | Killed Azrael
 27140 | D:14     | Reached XP level 16. HP: 78/114 MP: 21/21
 27406 | D:14     | Noticed Louise
 27421 | D:14     | Lost mutation: You are occasionally teleported next to monsters. [potion of mutation]
 27421 | D:14     | Lost mutation: You are somewhat resistant to both further mutation and mutation removal. [potion of mutation]
 27421 | D:14     | Lost mutation: You are somewhat resistant to further mutation. [potion of mutation]
 27421 | D:14     | Gained mutation: You are dopey. (Int -2) [potion of mutation]
 27421 | D:14     | Gained mutation: You are partially covered in slimy green scales. (AC +2) [potion of mutation]
 27421 | D:14     | Gained mutation: You are clumsy. (Dex -2) [potion of mutation]
 27421 | D:14     | Lost mutation: You are dopey. (Int -2) [potion of mutation]
 27447 | D:14     | Killed Louise
 27714 | D:15     | Entered Level 15 of the Dungeon
 27776 | D:15     | Gained mutation: You expend magic power (3 MP) to strengthen your wands. [mutagenic meat]
 27777 | D:15     | Gained mutation: You are dopey. (Int -2) [mutagenic meat]
 27779 | D:15     | Gained mutation: Your flesh is cold resistant. (rC+) [mutagenic meat]
 27780 | D:15     | Gained mutation: Your spells are a little easier to cast, but a little less powerful. [mutagenic meat]
 27782 | D:15     | Lost mutation: You are dopey. (Int -2) [mutagenic meat]
 27787 | D:15     | Gained mutation: You are somewhat resistant to further mutation. [mutagenic meat]
 27788 | D:15     | Gained mutation: You are partially covered in iridescent scales. (AC +2) [mutagenic meat]
 27826 | D:15     | Noticed runewalsh's ghost (journeyman OpIE)
 27842 | D:15     | Killed runewalsh's ghost
 27947 | D:15     | Found a staircase to the Depths.
 28080 | D:15     | Noticed runewalsh's ghost (journeyman OpIE)
 28101 | D:15     | Killed runewalsh's ghost
 28976 | D:15     | Identified Jiwnian's Handbook of Calling and Toxins
 28988 | D:15     | Learned a level 3 spell: Ignite Poison
 29298 | D:15     | Reached skill level 1 in Fire Magic
 29607 | Spider:1 | Entered Level 1 of the Spider Nest
 29619 | Spider:1 | Reached skill level 1 in Poison Magic
 29723 | Spider:1 | Reached skill level 1 in Transmutations
 30830 | Spider:2 | Reached XP level 17. HP: 122/122 MP: 22/22
 32004 | Spider:3 | Reached skill level 19 in Long Blades
 34135 | Spider:4 | Entered Level 4 of the Spider Nest
 34135 | Spider:4 | Noticed Donald
 34471 | Spider:4 | Noticed Arachne
 34821 | Spider:4 | Killed Donald
 34824 | Spider:4 | Got a brightly glowing shield
 34835 | Spider:4 | Identified the cursed +0 shield of Midwinter {Str+3 Int+3 Dex+2} (You took it off Donald on level 4 of the Spider Nest)
 35323 | Spider:4 | Killed Arachne
 35352 | Spider:4 | Identified a scroll of acquirement
 35791 | Spider:4 | Noticed tape's ghost (adept DECj)
 35824 | Spider:4 | Killed tape's ghost
 35828 | Spider:4 | Reached skill level 20 in Long Blades
 35828 | Spider:4 | Reached XP level 18. HP: 88/128 MP: 0/24
 35972 | Spider:4 | Got a gossamer rune of Zot
 36331 | Shoals:1 | Entered Level 1 of the Shoals
 37032 | Shoals:1 | Reached skill level 10 in Evocations
 37880 | Shoals:2 | Got a bloodstained chain mail
 37881 | Shoals:2 | Identified the +2 chain mail of Aciqaun {rF+++ rC- rN+ Int+3} (You found it on level 2 of the Shoals)
 38154 | Shoals:2 | Noticed Polyphemus
 38172 | Shoals:2 | Killed Polyphemus
 39691 | Shoals:3 | Reached skill level 21 in Long Blades
 40401 | Shoals:4 | Entered Level 4 of the Shoals
 41125 | Shoals:4 | Reached XP level 19. HP: 132/135 MP: 27/27
 41194 | Shoals:4 | Got a barnacled rune of Zot
 41950 | Shoals:4 | Noticed Ilsuiw
 41985 | Shoals:4 | Killed Ilsuiw
 42371 | Shoals:4 | Got a twitching wooden ring
 42775 | Lair:1   | Identified the ring of Prescription {rElec rN+ MP+9 Int+4 Slay-4} (You took it off a merfolk aquamancer on level 4 of the Shoals)
 42884 | Orc:1    | Entered Level 1 of the Orcish Mines
 43419 | Orc:2    | Entered Level 2 of the Orcish Mines
 43840 | Orc:2    | Found a staircase to the Elven Halls.
 43958 | Orc:2    | Found Quceukypn's Antique Armour Emporium.
 44005 | Orc:2    | Bought a pair of transparent gloves for 294 gold pieces
 44020 | Orc:2    | Identified the +3 pair of gloves of Blue Skies {rN+ rCorr Dex+3} (You bought it in a shop on level 2 of the Orcish Mines)
 44064 | Orc:2    | Found Poesyb's Jewellery Emporium.
 44204 | Orc:2    | Found Plog's Antique Weapon Emporium.
 44244 | Orc:2    | Found Meprado's General Store.
 44262 | Orc:2    | Bought a scroll of enchant armour for 82 gold pieces
 44262 | Orc:2    | Bought a scroll of blinking for 82 gold pieces
 44262 | Orc:2    | Bought a scroll of enchant armour for 82 gold pieces
 44262 | Orc:2    | Bought a scroll of teleportation for 33 gold pieces
 44959 | Depths:1 | Entered Level 1 of the Depths
 45057 | Depths:1 | Lost mutation: Your spells are a little easier to cast, but a little less powerful. [mutagenic meat]
 45060 | Depths:1 | Gained mutation: Scrolls take you a little longer to read. [mutagenic meat]
 45080 | Depths:1 | Found a gateway to Hell.
 45080 | Depths:1 | Noticed Margery
 45116 | Depths:1 | Killed Margery
 45911 | Depths:1 | Reached XP level 20. HP: 101/144 MP: 23/28
 46155 | Depths:1 | Reached skill level 15 in Armour
 46501 | Depths:1 | Gained mutation: You possess an exceptional clarity of mind. [mutagenic meat]
 46504 | Depths:1 | Gained mutation: Scrolls take you longer to read. [mutagenic meat]
 46902 | Lair:1   | Lost mutation: You expend magic power (3 MP) to strengthen your wands. [potion of mutation]
 46902 | Lair:1   | Lost mutation: Scrolls take you longer to read. [potion of mutation]
 46902 | Lair:1   | Lost mutation: Scrolls take you a little longer to read. [potion of mutation]
 46902 | Lair:1   | Lost mutation: You are somewhat resistant to further mutation. [potion of mutation]
 46902 | Lair:1   | Lost mutation: You possess an exceptional clarity of mind. [potion of mutation]
 46902 | Lair:1   | Lost mutation: You are clumsy. (Dex -2) [potion of mutation]
 46902 | Lair:1   | Gained mutation: You do not regenerate when monsters are visible. [potion of mutation]
 46902 | Lair:1   | Gained mutation: You are robust. (+10% HP) [potion of mutation]
 46903 | Lair:1   | Lost mutation: You are partially covered in slimy green scales. (AC +2) [potion of mutation]
 46903 | Lair:1   | Lost mutation: You are robust. (+10% HP) [potion of mutation]
 46903 | Lair:1   | Lost mutation: You are partially covered in iridescent scales. (AC +2) [potion of mutation]
 46903 | Lair:1   | Lost mutation: Your flesh is cold resistant. (rC+) [potion of mutation]
 46903 | Lair:1   | Gained mutation: Your spells are a little easier to cast, but a little less powerful. [potion of mutation]
 46903 | Lair:1   | Gained mutation: You are resistant to hostile enchantments. (MR+) [potion of mutation]
 47099 | Vaults:1 | Entered Level 1 of the Vaults
 47156 | Vaults:1 | Gained mutation: Armour fits poorly on your strangely shaped body. [mutagenic meat]
 47157 | Vaults:1 | Gained mutation: You possess an exceptional clarity of mind. [mutagenic meat]
 47158 | Vaults:1 | Gained mutation: You have a somewhat thin skeletal structure. (Dex +2, Stealth) [mutagenic meat]
 47159 | Vaults:1 | Gained mutation: Your flesh is heat resistant. (rF+) [mutagenic meat]
 47356 | Vaults:1 | Reached skill level 22 in Long Blades
 47418 | Vaults:1 | Noticed a Tzitzimitl
 47436 | Vaults:1 | Killed from afar by a Tzitzimitl

Vault maps used:
D:1:      dpeg_cavernosity, minmay_stone_trees_small, minivault_25
D:2:      nicolae_overflow_hidden_temple, first_bread, nemelex_dance_club_becter
D:3:      lemuel_coloured_pillars_altar, kennysheep_slug_shrine
D:4:      nicolae_ossuary_entry_monument
D:5:      kennysheep_mini_moat, minmay_temple_entry_butterflies,
          gup_sewer_entry_glass, uniq_duvessa
D:6:      uniq_grinder
D:8:      kennysheep_seaside_town, kennysheep_mini,
          grunt_lair_entry_orc_guard_hut, serial_shops, shop_fountains,
          blue_anna_alchemist
D:9:      kennysheep_generic_room_8
D:10:     orc_david_3, basic_altar, uniq_maurice
D:11:     serial_shops, shop_fountains, hangedman_abyss_or_decor_passed,
          lemuel_flame_loot_1, uniq_erolcha, uniq_harold
D:14:     david_vaults_3, kennysheep_nondescript, makhleb_altar_promises_db,
          uniq_louise, uniq_kirke, uniq_azrael
D:15:     gammafunk_depths_entry_grave, minmay_misc_feat_columns,
          minmay_hollow_rounded_squares
Temple:   lightli_temple_of_artemis
Lair:1:   lemuel_fruit_tree, lemuel_fruit_fields, serial_bayou_shore_a,
          minmay_lair_oklob_chamber, uniq_grum
Lair:2:   minmay_shoals_entry_lonely_mermaid
Lair:3:   infiniplex_staircase_pool, grunt_megastairs_3
Lair:4:   nicolae_spider_entry_orb_guardian, portal_ice_cave_rime, serial_bayou,
          serial_bayou_lagoon_a, serial_bayou_crossing, serial_bayou_pond_c,
          serial_bayou_pond_b, gammafunk_lair_bear_cave, uniq_josephine
Lair:5:   st_stairs_5
Lair:6:   grunt_lair_end_beastmaster, slime_dummy, roderic_batcave,
          nicolae_lair_yak_garden, grunt_megastairs_2, uniq_snorg, uniq_nessos
Shoals:1: argonaut_gorgonesque
Shoals:2: cheibrodos_shoals_roost, uniq_polyphemus
Shoals:3: nicolae_shoals_undead_eyrie
Shoals:4: shoals_end_grunt_ice, shoal_ilsuiw, ldierk_geyser
Spider:1: guppyfry_spider_mini_1
Spider:3: special_room, guppyfry_spider_mini_3
Spider:4: grunt_spider_rune_circles, uniq_arachne, uniq_donald
Orc:2:    grunt_orc_gardens, grunt_orc_garden, grunt_orc_garden,
          grunt_orc_garden, grunt_orc_garden, elves_outpost_lemuel, uniq_rupert
Vaults:1: nicolae_vaults_inception_statues, grunt_vaults_funnel, v_pattern_2,
          vaults_room_semicircle, vaults_room_ringed_pool,
          vaults_mumra_minichess, ontoclasm_vaults_ring_small, v_misc_26,
          nicolae_vaults_yaktaur_gun_rack, serial_shops,
          nicolae_shop_overgrown_old_shop
Depths:1: minmay_bloctagon, hangedman_glass_teeth, grunt_metal_band,
          eino_tiny_chamber, minmay_misc_feat_enclosed, corexii_corridor_pit,
          hangedman_decor_peaks_small, grunt_decor_cap, minmay_misc_feat_x,
          hangedman_aerie_drop
Ossuary:  ossuary_zaba_two_paths
IceCv:    ice_cave_caverns_02

Skill      XL: |  1  2  3  4  5  6  7  8  9 10 11 12 13 14 15 16 17 18 19 20 |
---------------+-------------------------------------------------------------+-----
Dodging        | 1 2 3 4 5 7 8 9 10 11 12 13 14 | 14.6
Fighting       | 4 6 7 8 9 10 11 13 14 | 14.7
Long Blades    | 3 4 6 9 10 11 12 13 14 16 17 18 20 21 22 | 22.0
Armour         | 4 6 7 8 9 10 11 12 13 14 15 | 15.2
Shields        | 4 5 7 8 9 10 11 12 13 14 | 14.8
Invocations    | 2 5 6 7 |  7.0
Evocations     | 3 5 6 7 9 11 | 11.0
Crossbows      | 3 4 |  4.1
Spellcasting   | 2 3 |  3.0
Necromancy     | 2 3 |  3.0
Charms         | 2 3 |  3.0
Stealth        | 2 |  2.0
Conjurations   | 2 |  2.0
Air Magic      | 2 |  2.0
Summonings     | 3 |  3.0
Ice Magic      | 4 |  4.0
Fire Magic     | 2 |  2.0
Poison Magic   | 2 |  2.0
Transmutations | 2 |  2.1

Action                   |  1- 3 |  4- 6 |  7- 9 | 10-12 | 13-15 | 16-18 | 19-21 || total
-------------------------+-------+-------+-------+-------+-------+-------+-------++-------
Melee: Long sword        |    45 |   361 |   339 |   836 |   482 |       |   132 ||  2195
       Unarmed           |       |       |     6 |       |       |       |       ||     6
       Scimitar          |       |       |       |       |  1001 |  1582 |   536 ||  3119
Invok: Ancestor Identity |       |       |     1 |       |       |       |       ||     1
       Recall Ancestor   |       |       |     2 |     3 |    11 |     8 |     6 ||    30
       Ancestor Life: Kn |       |       |     1 |       |       |       |       ||     1
       Idealise          |       |       |       |       |       |     3 |     3 ||     6
 Abil: Hop               |       |       |     2 |     5 |     3 |     6 |     1 ||    17
Evoke: Wand              |       |       |     7 |    49 |    14 |    24 |    19 ||   113
       Sack of spiders   |       |       |       |     7 |       |       |       ||     7
  Use: Potion            |     1 |     8 |    13 |     6 |    13 |    11 |     6 ||    58
       Scroll            |       |     8 |     6 |    14 |    10 |    21 |     5 ||    64
 Stab: Distracted        |       |       |     3 |    10 |    18 |    23 |    18 ||    72
       Held in net/web   |       |       |       |     1 |       |       |       ||     1
       Invisible         |       |       |       |       |     7 |       |       ||     7
       Confused          |       |       |       |       |     1 |     3 |       ||     4
       Petrified         |       |       |       |       |     1 |     3 |       ||     4
  Eat: Chunk             |       |     7 |     3 |    15 |    27 |    39 |    36 ||   127
       Fruit             |       |     2 |     4 |     8 |     5 |    13 |     3 ||    35
       Meat ration       |       |     1 |       |       |     1 |     2 |     1 ||     5
       Bread ration      |       |       |     2 |     2 |     2 |     2 |     1 ||     9
       Royal jelly       |       |       |       |       |     1 |       |     1 ||     2
Armor: Scale mail        |    22 |   109 |       |       |       |       |       ||   131
       Chain mail        |       |     2 |    70 |       |       |       |       ||    72
       Plate armour      |       |       |    22 |   195 |   221 |   389 |    73 ||   900
       Skin              |       |       |       |       |       |     5 |       ||     5
       Fire dragon scale |       |       |       |       |       |       |    29 ||    29
Dodge: Dodged            |    17 |   116 |    47 |   111 |   336 |   517 |   152 ||  1296
Block: Shield            |    17 |   125 |    30 |       |       |       |       ||   172
       Large shield      |       |       |   201 |   664 |  1207 |  1839 |   678 ||  4589
       Reflection        |       |       |     1 |    20 |    10 |    67 |    55 ||   153
       Rpst.: Long sword |     3 |    33 |    10 |    23 |    32 |       |    13 ||   114
       Scimitar          |       |       |       |       |    59 |    90 |    22 ||   171
